 Dungeon Crawl Stone Soup version 0.19-a0-1704-gbd66c22 (webtiles) character file.

20096 Amnesiac the Covert (level 12, -3/59 HPs)
             Began as a Deep Elf Enchanter on Sept 27, 2016.
             Was a High Priest of Dithmenos.
             Slain by an unseen horror (8 damage)
             ... on level 12 of the Dungeon.
             The game lasted 00:42:02 (12143 turns).

Amnesiac the Covert (Deep Elf Enchanter)           Turns: 12143, Time: 00:42:03

Health: -3/59      AC:  8    Str:  9    XL:     12   Next: 42%
Magic:  28/31      EV: 17    Int: 22    God:    Dithmenos [*****.]
Gold:   737        SH: 16    Dex: 19    Spells: 5 memorised, 22 levels left

rFire  . . .     SeeInvis .     q - +4 short sword of the Final Decision {elec, Stlth+}
rCold  + . .     Gourm    .     i - +2 robe of Divine Intervention {rN+ Str+4 Slay-4}
rNeg   + . .     Faith    .     y - +1 buckler
rPois  +         Spirit   .     k - +0 helmet
rElec  .         Dismiss  .     b - +0 cloak (curse)
rCorr  +         Reflect  +     w - +0 pair of gloves
MR     ++...     Harm     .     (no boots)
Stlth  ++++++++++               E - +5 amulet of reflection
                                (no ring)
                                J - ring of resist corrosion

@: wreathed by umbra
A: hooves 1, repulsion field 1, large bone plates 1, camouflage 1, cold
resistance 1, magic resistance 1, poison resistance
a: Shadow Step, Shadow Form, Renounce Religion


You were on level 12 of the Dungeon.
You worshipped Dithmenos.
Dithmenos was extremely pleased with you.
You were not hungry.

You visited 2 branches of the dungeon, and saw 13 of its levels.

You collected 737 gold pieces.

Inventory:

Hand Weapons
 q - the +4 short sword of the Final Decision (weapon) {elec, Stlth+}
   (You found it on level 4 of the Dungeon)

   Occasionally, upon striking a foe, it will discharge some electrical energy
   and cause terrible harm.
   It makes you more stealthy.
 C - a +2 short sword of draining
 O - a +1 dagger of electrocution
Missiles
 t - 10 curare-tipped needles
 Q - a throwing net (quivered)
Armour
 b - a cursed +0 cloak (worn)
 i - the +2 robe of Divine Intervention (worn) {rN+ Str+4 Slay-4}
   (You found it on level 10 of the Dungeon)

   It affects your strength (+4).
   It affects your accuracy and damage with ranged weapons and melee attacks
   (-4).
   It protects you from negative energy.
 k - a +0 helmet (worn)
 w - a +0 pair of gloves (worn)
 y - a +1 buckler (worn)
Jewellery
 p - an uncursed amulet of guardian spirit
 u - an uncursed amulet of magic regeneration
 E - a +5 amulet of reflection (around neck)
 J - a ring of resist corrosion (left hand)
Wands
 f - a wand of lightning (5/15)
 n - a wand of iceblast (10/15)
 K - a wand of digging (15/24)
Scrolls
 a - a scroll of fog {unknown}
 e - 2 scrolls of recharging
 l - 5 scrolls of teleportation
 m - 2 scrolls of blinking
 x - a scroll of remove curse
 A - a scroll of enchant armour
 B - 5 scrolls of magic mapping
 D - 2 scrolls of enchant weapon
 G - a scroll of brand weapon
 R - a scroll of immolation {unknown}
 T - a scroll of identify
Potions
 g - 2 potions of lignification
 h - 8 potions of curing
 o - 5 potions of heal wounds
 r - 4 potions of flight
 z - a potion of agility
 F - 2 potions of brilliance
 M - 4 potions of might
 N - a potion of berserk rage
 S - a potion of cure mutation {unknown}
Books
 c - a book of Maledictions

   Spells                             Type                      Level
   a - Corona                         Hexes                        1
   b - Ensorcelled Hibernation        Hexes/Ice                    2
   c - Confuse                        Hexes                        3
   d - Tukima's Dance                 Hexes                        3
   e - Dazzling Spray                 Conjuration/Hexes            3
 I - a book of Debilitation

   Spells                             Type                      Level
   a - Corona                         Hexes                        1
   b - Slow                           Hexes                        2
   c - Gell's Gravitas                Hexes/Translocation          3
   d - Inner Flame                    Hexes/Fire                   3
   e - Cause Fear                     Hexes                        4
   f - Leda's Liquefaction            Hexes/Earth                  4
 L - a book of the Tempests

   Spells                             Type                      Level
   a - Static Discharge               Conjuration/Air              3
   b - Lightning Bolt                 Conjuration/Air              5
   c - Fireball                       Conjuration/Fire             5
   d - Tornado                        Air                          9
   e - Shatter                        Earth                        9
Comestibles
 d - 6 bread rations
 j - 32 fruits
 s - 8 meat rations
 v - 5 chunks of flesh
 H - a beef jerky
 P - a slice of pizza


   Skills:
 + Level 7.1 Short Blades
 - Level 4.0 Dodging
 * Level 13.6 Stealth
 + Level 6.2 Shields
 * Level 13.2 Spellcasting
 * Level 13.6 Hexes


You had 22 spell levels left.
You knew the following spells:

 Your Spells              Type           Power        Failure   Level  Hunger
a - Dazzling Spray        Conj/Hex       #####.       1%          3    None
b - Cause Fear            Hex            ######....   1%          4    None
e - Confuse               Hex            ######..     1%          3    None
f - Ensorcelled Hibernat  Hex/Ice        #####.       1%          2    None
w - Tukima's Dance        Hex            ######..     1%          3    None


Dungeon Overview and Level Annotations

Branches:
Dungeon (12/15)            Temple (1/1) D:4            Lair (0/6) D:8
    Orc (0/2) D:10

Altars:
Ashenzari
Cheibriados
Dithmenos
Elyvilon
Fedhas
Gozag
Hepliaklqana
Kikubaaqudgha
Makhleb
Nemelex Xobeh
Okawaru
Qazlal
Ru
Sif Muna
Trog
Uskayaw
Vehumet
Xom
Yredelemnul
Zin
The Shining One
Beogh

Shops:
D:5 :   D:9 ?


Innate Abilities, Weirdness & Mutations

You have large cloven feet.
You are surrounded by a mild repulsion field. (EV +2)
You are partially covered in large bone plates. (SH +4)
Your skin changes colour to match your surroundings (Stealth+).
Your flesh is cold resistant. (rC+)
You are resistant to hostile enchantments. (MR+)
Your system is resistant to poisons. (rPois)


Message History

An orc warrior and an orc wizard come into view.
Something barely misses you.
You close the door.
An orc comes into view. It is wielding a dagger.
The orc shouts!
Something hits you but does no damage. Something hits you but does no damage.
Something hits you.
* * * LOW HITPOINT WARNING * * *
Something hits you.
* * * LOW HITPOINT WARNING * * *
Casting: Ensorcelled Hibernation
Confirm with . or Enter, or press ? or * to list all spells.
Aiming: Confuse
Press: ? - help, Shift-Dir - straight line, f - orc
Aim: an orc, wielding a dagger (umbra, chance to defeat MR: 89%) Nothing appears to happen.
Your shadow mimicks your spell!
Something hits you!
You die...

### .... ...... ......
#######......
#@{...'o.....
####+#...#...... #
.....................#
...........######.....
...........######...#.
...........+..........
...........#..........
...........#..........
......................


You could see an orc.

Vanquished Creatures
  Nessos (D:12)
  A hydra (D:12)
  Urug (D:10)
  Sonja (D:10)
  2 hill giants
  2 ugly things (D:11)
  Maurice (D:10)
  A manticore (D:10)
  Joseph (D:8)
  2 kobold demonologists (D:11)
  2 two-headed ogres (D:11)
  3 trolls
  Prince Ribbit (D:7)
  2 hippogriffs
  A shadow (D:12)
  25 yaks
  2 wyverns
  Grum (D:8)
  A wraith (D:11)
  4 hungry ghosts
  5 vampire mosquitoes (D:12)
  Menkaure (D:6)
  A mottled dragon (D:11)
  A porcupine (D:8)
  An orc warrior (D:7)
  An ice beast (D:9)
  A wasp (D:10)
  6 phantoms
  3 sky beasts
  9 ogres
  2 wolves (D:8)
  10 centaurs
  A crocodile (D:8)
  4 big kobolds
  8 bullfrogs
  A gnoll sergeant (D:9)
  3 scorpions
  A troll zombie (D:10)
  4 wights
  2 howler monkeys
  5 electric eels (D:9)
  4 crimson imps
  A centaur zombie (D:8)
  5 hounds
  13 orc priests
  A bullfrog skeleton (D:9)
  2 jellies
  4 centaur skeletons
  Ijyb (D:3)
  A hell rat (D:8)
  2 iguanas
  9 orc wizards
  6 worker ants
  2 killer bee zombies
  7 ogre zombies (D:10)
  A hound skeleton (D:4)
  3 worker ant zombies
  5 gnolls (D:9)
  A river rat (D:8)
  14 adders
  A howler monkey skeleton (D:9)
  5 shadow imps
  3 worms
  An adder skeleton (D:6)
  A dart slug (D:1)
  2 leopard geckos
  40 orcs
  4 bats
  9 giant cockroaches
  10 goblins
  6 hobgoblins
  12 jackals
  19 kobolds
  3 quokkas
  3 ball pythons (D:2)
  6 frilled lizards
  5 goblin zombies (D:10)
  A hobgoblin skeleton (D:10)
  3 hobgoblin zombies (D:10)
  3 orc skeletons (D:10)
  13 orc zombies
  11 rats
368 creatures vanquished.

Vanquished Creatures (collateral kills)
  A sky beast (D:10)
  An orc (D:10)
2 creatures vanquished.

Vanquished Creatures (others)
  3 kobolds
  A plant (D:9)
4 creatures vanquished.

Grand Total: 374 creatures vanquished

Notes
Turn   | Place    | Note
-------+----------+-------------------------------------------
     0 | D:1      | Amnesiac the Deep Elf Enchanter began the quest for the Orb.
     0 | D:1      | Reached XP level 1. HP: 10/10 MP: 6/6
   345 | D:2      | Reached XP level 2. HP: 15/15 MP: 8/8
   353 | D:2      | Learned a level 2 spell: Ensorcelled Hibernation
   634 | D:3      | Reached XP level 3. HP: 17/19 MP: 1/10
   918 | D:4      | Learned a level 3 spell: Confuse
   922 | D:4      | Learned a level 3 spell: Dazzling Spray
   930 | D:4      | Noticed an ogre
   996 | D:4      | Killed an ogre
   996 | D:4      | Reached XP level 4. HP: 24/24 MP: 1/12
   999 | D:4      | Reached XP level 5. HP: 28/28 MP: 0/14
  1302 | D:4      | Found a staircase to the Ecumenical Temple.
  1316 | Temple   | Entered the Ecumenical Temple
  1453 | Temple   | Became a worshipper of Dithmenos the Shadowed
  2096 | D:2      | Reached skill level 5 in Stealth
  2331 | D:3      | Noticed Ijyb
  2336 | D:3      | Reached * piety under Dithmenos
  2579 | D:3      | Reached skill level 5 in Spellcasting
  2579 | D:3      | Reached skill level 5 in Hexes
  2651 | D:3      | Reached XP level 6. HP: 27/32 MP: 15/15
  2657 | D:3      | Killed Ijyb
  2666 | D:3      | Learned a level 3 spell: Tukima's Dance
  2953 | D:4      | Found a white marble altar of Elyvilon.
  2953 | D:4      | Found a glowing silver altar of Zin.
  2954 | D:4      | Found a glowing golden altar of the Shining One.
  3039 | D:4      | Reached skill level 1 in Shields
  3319 | D:5      | Entered Level 5 of the Dungeon
  3411 | D:5      | Found a shimmering altar of Xom.
  3411 | D:5      | Found a blossoming altar of Fedhas.
  3412 | D:5      | Found a sacrificial altar of Ru.
  3468 | D:5      | Reached XP level 7. HP: 5/36 MP: 17/17
  3735 | D:5      | Found Zyev's Book Shop.
  4049 | D:5      | Reached ** piety under Dithmenos
  4485 | D:6      | Reached XP level 8. HP: 33/41 MP: 16/19
  4545 | D:6      | Noticed Menkaure
  4573 | D:6      | Killed Menkaure
  5252 | D:7      | Reached *** piety under Dithmenos
  5285 | D:7      | Noticed Prince Ribbit
  5320 | D:7      | Killed Prince Ribbit
  5320 | D:7      | Reached XP level 9. HP: 45/45 MP: 13/22
  5795 | D:8      | Found a staircase to the Lair.
  5912 | D:8      | Noticed Grum
  6187 | D:8      | Killed Grum
  6263 | D:8      | Found an opulent altar of Gozag.
  6266 | D:8      | Found an ancient bone altar of Kikubaaqudgha.
  6269 | D:8      | Found a hide-covered altar of Uskayaw.
  6293 | D:8      | Reached **** piety under Dithmenos
  6455 | D:8      | Noticed Joseph
  6499 | D:8      | Killed Joseph
  6720 | D:9      | Learned a level 4 spell: Cause Fear
  6729 | D:9      | Reached XP level 10. HP: 50/50 MP: 22/25
  6733 | D:9      | Reached skill level 10 in Stealth
  6733 | D:9      | Reached skill level 10 in Spellcasting
  6737 | D:9      | Reached skill level 10 in Hexes
  6892 | D:9      | Reached skill level 5 in Short Blades
  7069 | D:9      | Found Yvotudos's Magic Scroll Shoppe.
  7522 | D:9      | Reached skill level 5 in Shields
  8488 | D:10     | Entered Level 10 of the Dungeon
  8496 | D:10     | Got a tattered robe
  8507 | D:10     | Identified the +2 robe of Divine Intervention {rN+ Str+4 Slay-4} (You found it on level 10 of the Dungeon)
  8537 | D:10     | Reached ***** piety under Dithmenos
  8580 | D:10     | Gained mutation: Your skin changes colour to match your surroundings (Stealth+). [potion of beneficial mutation]
  8634 | D:10     | Noticed a manticore
  8642 | D:10     | Killed a manticore
  8642 | D:10     | Reached XP level 11. HP: 54/54 MP: 28/28
  8657 | D:10     | Found a staircase to the Orcish Mines.
  9050 | D:4      | Got a steaming short sword
  9051 | D:4      | Identified the +4 short sword of the Final Decision {elec, Stlth+} (You found it on level 4 of the Dungeon)
  9581 | D:10     | Noticed Maurice
  9609 | D:10     | Killed Maurice
  9629 | D:10     | Gained mutation: Your system is resistant to poisons. (rPois) [mutagenic meat]
  9703 | D:10     | Noticed a hill giant
  9713 | D:10     | Killed a hill giant
  9735 | D:10     | Noticed Sonja
  9838 | D:10     | Killed Sonja
  9875 | D:10     | Noticed Urug
  9906 | D:10     | Killed Urug
 10585 | D:10     | Found a stormy altar of Qazlal.
 11182 | D:11     | Noticed a green ugly thing
 11238 | D:11     | Killed a green ugly thing
 11245 | D:11     | Gained mutation: You are resistant to hostile enchantments. (MR+) [mutagenic meat]
 11251 | D:11     | Gained mutation: You have large cloven feet. [mutagenic meat]
 11254 | D:11     | Gained mutation: You are partially covered in large bone plates. (SH +4) [mutagenic meat]
 11435 | D:11     | Reached XP level 12. HP: 59/59 MP: 30/30
 11525 | D:11     | Found a roughly hewn altar of Beogh.
 11593 | D:11     | Gained mutation: You are surrounded by a mild repulsion field. (EV +2) [mutagenic meat]
 11599 | D:11     | Gained mutation: Your flesh is cold resistant. (rC+) [mutagenic meat]
 11919 | D:12     | Noticed an eight-headed hydra
 11920 | D:12     | Noticed Nessos
 11984 | D:12     | Killed Nessos
 12022 | D:12     | Killed an eight-headed hydra
 12143 | D:12     | Slain by an unseen horror

Vault maps used:
D:1:      mrwooster_arrival_statue_2
D:2:      first_bread
D:3:      uniq_iyjb
D:4:      good_gods_temple_1
D:5:      gammafunk_temple_overflow_claw, serial_shops, shop, minivault_5,
          nrook_mini_vaults
D:6:      hangedman_abyss_or_decor_stagger, uniq_menkaure
D:7:      uniq_prince_ribbit1
D:8:      grunt_temple_overflow_diamond, dpeg_lair_monsters, uniq_grum,
          uniq_joseph
D:9:      serial_shops, nicolae_shop_behind_doors, serial_bayou,
          serial_bayou_crossing, serial_bayou_pond_e, serial_bayou_lake_a,
          serial_bayou_shore_a, blue_anna_alchemist,
          eino_small_chamber_without_monster, centaur_isle
D:10:     zombieorc2_lemuel, nicolae_qazlal_eye_of_the_storm, uniq_sonja,
          uniq_urug, uniq_maurice
D:11:     david_defended_altar_orc
D:12:     enter_bailey_3, minmay_misc_feat_tower, uniq_nessos, uniq_fannar,
          uniq_psyche
Temple:   chequers_temple_sunken

Skill      XL: |  1  2  3  4  5  6  7  8  9 10 11 12 |
---------------+-------------------------------------+-----
Stealth        | 4 5 6 7 9 11 12 13 | 13.6
Short Blades   | 2 3 4 5 6 7 |  7.1
Spellcasting   | 4 5 6 7 9 11 12 13 | 13.2
Dodging        | 3 4 |  4.0
Hexes          | 5 8 9 11 12 13 | 13.6
Shields        | 2 4 5 6 |  6.2

Action                   |  1- 3 |  4- 6 |  7- 9 | 10-12 || total
-------------------------+-------+-------+-------+-------++-------
Melee: Dagger            |    42 |   205 |   262 |   267 ||   776
       Short sword       |       |       |       |   265 ||   265
       Kick              |       |       |       |    17 ||    17
 Cast: Corona            |     3 |       |       |       ||     3
       Ensorcelled Hiber |    20 |    56 |    80 |    99 ||   255
       Dazzling Spray    |     1 |       |     2 |    11 ||    14
       Confuse           |       |     7 |    28 |    60 ||    95
  Use: Potion            |       |     1 |       |     2 ||     3
       Scroll            |       |     1 |       |    23 ||    24
 Stab: Sleeping          |    17 |    44 |    67 |    99 ||   227
       Confused          |       |     6 |    23 |    30 ||    59
       Invisible         |       |       |       |     4 ||     4
       Distracted        |       |       |       |     3 ||     3
  Eat: Chunk             |     1 |     8 |    12 |    28 ||    49
Armor: Robe              |    18 |    53 |    25 |    46 ||   142
Dodge: Dodged            |    31 |   148 |   156 |   247 ||   582
Block: Buckler           |       |       |    95 |   269 ||   364
       Reflection        |       |       |     3 |    15 ||    18
